 Dungeon Crawl Stone Soup version 0.22-a0-433-gd2a9cce (webtiles) character file.

1406 Mgcat the Cleaver (level 8, -9/64 HPs)
             Began as a Minotaur Berserker on May 27, 2018.
             Was a Believer of Trog.
             Mangled by a wight
             ... wielding a +5 flail of freezing
              (13 damage)
             ... on level 7 of the Dungeon.
             The game lasted 00:06:44 (1509 turns).

Mgcat the Cleaver (Minotaur Berserker)              Turns: 1509, Time: 00:06:45

Health: -9/64      AC:  9    Str: 25    XL:     8   Next: 42%
Magic:  7/7        EV:  8    Int:  4    God:    Trog [**....]
Gold:   113        SH:  0    Dex:  9    Spells: 7/7 levels left

rFire    . . .     SeeInvis .   a - +0 hand axe
rCold    . . .     Gourm    .   (no shield)
rNeg     . . .     Faith    .   m - +0 chain mail
rPois    .         Spirit   .   (helmet restricted)
rElec    .         Reflect  .   k - +0 cloak
rCorr    .         Harm     .   (no gloves)
MR       .....                  (no boots)
Stlth    ..........             (no amulet)
HPRegen  0.20/turn              (no ring)
MPRegen  0.10/turn              (no ring)

@: berserk cooldown, slowed, drained, very slow
A: retaliatory headbutt, horns 2
a: Berserk, Trog's Hand, Renounce Religion


You were on level 7 of the Dungeon.
You worshipped Trog.
Trog was pleased with you.
You were hungry.

You visited 1 branch of the dungeon, and saw 7 of its levels.
You also visited: Sewer.

You collected 113 gold pieces.

Inventory:

Hand Weapons
 a - a +0 hand axe (weapon)
Armour
 g - a +0 leather armour
   (You found it on level 1 of the Dungeon)
 k - a +0 cloak (worn)
   (You found it on level 4 of the Dungeon)
 m - a +0 chain mail (worn)
   (You found it on level 6 of the Dungeon)
Scrolls
 b - 2 scrolls of remove curse
 d - a scroll of teleportation {unknown}
 j - a scroll of identify
Potions
 e - 2 potions of flight
Comestibles
 c - a ration


   Skills:
 - Level 3.6(3.3) Fighting
 + Level 12.5(12.1) Axes
 - Level 2.4(2.1) Armour
 - Level 2.1(1.8) Dodging


You had 7 spell levels left.
You didn't know any spells.
Your spell library was empty.

Dungeon Overview and Level Annotations

Branches:
Dungeon (7/15)             Temple (0/1) D:4

Altars:
Trog


Innate Abilities, Weirdness & Mutations

You reflexively headbutt those who attack you in melee.
You have a pair of horns on your head.


Message History

Things that are here:
a short sword of freezing; a robe x2
There is a stone staircase leading down here.
Search for what [? for help]? artef Can't find anything matching that.
Search for what [Enter for "artef", or ? for help]? ego Unknown command.
You climb downwards.
An orc wizard comes into view. It is wielding a dagger.
The orc wizard shouts!
A centaur comes into view.
The orc barely misses you.
The orc warrior hits you with a dire flail!
The orc wizard points at you and mumbles some strange words.
You resist with some effort.
There is a stone staircase leading up, spattered with blood here.
A red film seems to cover your vision as you go berserk!
You feel yourself moving faster!
You feel mighty!
You are feeling hungry.
The centaur shouts!
The orc hits you but does no damage.
An orc priest comes into view.
The orc warrior hits you with a dire flail!
You hit the orc warrior. Your headbutt misses the orc warrior.
The orc warrior is lightly wounded.
You closely miss the orc. The orc completely misses you.
You slash the orc warrior!
The orc warrior is heavily wounded.
You hit the orc.
A wight comes into view. It is wielding a halberd.
The orc warrior hits you with a dire flail!!
You slash the orc warrior! You headbutt the orc warrior.
The orc warrior is almost dead.
You closely miss the orc.
The orc priest calls upon Beogh to heal the orc.
The orc's wounds heal themselves!
The centaur wields a shortbow.
The centaur shoots an arrow.
The arrow closely misses you. The orc barely misses you.
You furiously retaliate!
You headbutt the orc!!
You kill the orc!
Trog accepts your kill.
You slash the orc warrior!
You kill the orc warrior!
Trog accepts your kill.
The centaur shoots an arrow.
The arrow hits you.
You see here an arrow.
You closely miss the orc wizard. Your headbutt misses the orc wizard.
A wight comes into view. It is wielding a flail of freezing.
You slash the orc wizard!
The orc wizard is heavily wounded.
The orc wizard casts a spell at you.
You are confused.
The centaur shoots an arrow.
The arrow hits you.
You see here an arrow.
You feel a strong urge to attack something.
The orc wizard closely misses you. The orc priest closely misses you.
You see here an arrow.
You slash the orc wizard!
You kill the orc wizard!
Trog accepts your kill.
Trog appreciates your killing of a magic user.
You closely miss the orc priest. You slash the centaur!
The centaur unwields an uncursed shortbow.
The centaur hits you.
The wight throws a stone.
The stone closely misses you.
You slash the centaur!
The centaur is severely wounded.
You slash the orc priest! You barely miss the orc priest.
Your headbutt misses the orc priest.
The orc priest is heavily wounded.
You slash the centaur!
You kill the centaur!
Trog accepts your kill. The orc priest completely misses you.
You hit the orc priest.
The orc priest is almost dead.
You are no longer berserk.
You are exhausted.
You feel yourself slow down.
Things that are here:
a dire flail; a chain mail; a shiny cabochon ring You miss the orc priest.
The orc priest is almost dead.
You feel less confused. The wight hits you but does no damage.
The orc priest hits you but does no damage.
The orc priest looks satisfied for a moment.
The wight closely misses you.
There is a stone staircase leading up, spattered with blood here.
The wight hits you with a flail of freezing!
You feel drained. The wight freezes you.
* * * LOW HITPOINT WARNING * * *
The orc priest mumbles some strange prayers to Beogh against you.
Beogh smites you!
* * * LOW HITPOINT WARNING * * *
The wight hits you but does no damage.
The orc priest invokes the aid of Beogh against you.
Pain shoots through your body!
* * * LOW HITPOINT WARNING * * *
The wight hits you with a flail of freezing!
You die...

............#
#.....#
####.#.##
#..z.#.#
#..)().#
#....###
#..).# #.zz.#
#.@o.######
#(.).(....$.
############


You could see 3 wights and an orc priest.

Vanquished Creatures
  A spriggan (D:7)
  An orc warrior (D:7)
  A phantom (D:7)
  An ogre (D:7)
  A centaur (D:7)
  A big kobold (Sewer)
  Blork the orc (D:4)
  2 bullfrogs
  A scorpion (D:4)
  6 killer bees (D:7)
  A wight (D:6)
  A crimson imp (D:5)
  A hound (D:6)
  An iguana (D:5)
  An orc wizard (D:7)
  Natasha (D:4)
  3 gnolls (D:3)
  4 adders
  3 river rats (Sewer)
  A shadow imp (D:6)
  2 leopard geckos
  2 orcs
  A ball python (D:3)
  4 bats (D:1)
  2 giant cockroaches
  3 goblins
  A hobgoblin (D:1)
  5 jackals
  5 kobolds
  8 rats
66 creatures vanquished.

Notes
Turn   | Place    | Note
-------+----------+-------------------------------------------
     0 | D:1      | Mgcat the Minotaur Berserker began the quest for the Orb.
     0 | D:1      | Reached XP level 1. HP: 19/19 MP: 0/0
    43 | D:1      | Reached skill level 4 in Axes
   111 | D:1      | Reached XP level 2. HP: 26/26 MP: 1/1
   204 | D:2      | Reached skill level 5 in Axes
   212 | D:2      | Reached XP level 3. HP: 31/31 MP: 2/2
   325 | D:3      | Reached ** piety under Trog
   405 | D:4      | Found a staircase to the Ecumenical Temple.
   449 | D:4      | Noticed Natasha
   454 | D:4      | Killed Natasha
   454 | D:4      | Reached skill level 6 in Axes
   454 | D:4      | Reached XP level 4. HP: 31/39 MP: 3/3
   459 | D:4      | Reached XP level 5. HP: 45/45 MP: 4/4
   473 | D:4      | Reached skill level 7 in Axes
   479 | D:4      | Noticed Blork the orc
   506 | D:4      | Killed Blork the orc
   665 | D:5      | Entered Level 5 of the Dungeon
   665 | D:5      | Found a bloodstained altar of Trog.
   694 | D:5      | Reached skill level 8 in Axes
   713 | D:5      | Reached XP level 6. HP: 31/51 MP: 5/5
   906 | D:6      | Found a glowing drain.
   910 | Sewer    | Entered a sewer
   981 | Sewer    | Reached skill level 9 in Axes
   995 | Sewer    | Found a white marble altar of Elyvilon.
  1159 | D:7      | Reached XP level 7. HP: 57/57 MP: 6/6
  1160 | D:7      | Reached skill level 10 in Axes
  1256 | D:7      | Noticed a spriggan baker
  1266 | D:7      | Reached skill level 11 in Axes
  1276 | D:7      | HP: 19/85 [killer bee (4)]
  1279 | D:7      | HP: 9/85 [spriggan baker/dagger (1)]
  1281 | D:7      | HP: 4/85 [poisoned by a killer bee]
  1281 | D:7      | Killed a spriggan baker
  1281 | D:7      | Reached XP level 8. HP: 4/64 MP: 7/7
  1289 | D:7      | HP: 16/64 [wight/short sword of freezing (1)]
  1291 | D:6      | HP: 6/64 [wight/short sword of freezing (2)]
  1303 | D:6      | Reached skill level 12 in Axes
  1509 | D:7      | HP: 5/64 [orc priest/divine providence (14)]
  1509 | D:7      | Mangled by a wight

Vault maps used:
D:1:      dpeg_arrival_subterranean_lakeside_camping, minmay_misc_feat_five
D:2:      tgw_fedhas
D:3:      tso_altar, xom_teletrap_fun
D:4:      kennysheep_mini, temple_pool_b, serial_shops, shop,
          uniq_blork_the_orc, uniq_natasha, uniq_menkaure, uniq_ijyb,
          uniq_grinder, uniq_duvessa
D:5:      okawaru_altar_gauntlet_db, basic_altar, first_ration
D:6:      gup_sewer_entry_bowl, hangedman_decor_lopped
D:7:      cheibrodos_two_vegetables, the_bakery, led_sif_book
Sewer:    sewer_kobolds

Skill      XL: |  1  2  3  4  5  6  7  8 |
---------------+-------------------------+-----
Axes           | 4 5 6 8 9 11 12 | 12.5
Fighting       | |  3.6
Armour         | |  2.4
Dodging        | |  2.1

Action                   |  1- 3 |  4- 6 |  7- 9 || total
-------------------------+-------+-------+-------++-------
Melee: Hand axe          |    46 |    70 |    50 ||   166
       Headbutt          |     5 |    11 |     5 ||    21
Invok: Berserk           |     2 |     6 |     2 ||    10
       Trog's Hand       |       |     1 |     1 ||     2
  Use: Scroll            |       |     4 |     1 ||     5
       Potion            |       |       |     8 ||     8
  Eat: Chunk             |     1 |     7 |       ||     8
       Ration            |       |       |     1 ||     1
Armor: Leather armour    |    11 |    14 |       ||    25
       Animal skin       |     3 |       |       ||     3
       Chain mail        |       |     3 |    28 ||    31
       Skin              |       |       |     6 ||     6
Dodge: Dodged            |    53 |    32 |    48 ||   133

Table legend:
 A = Spawn XP
 B = Non-spawn XP
 C = Spawn XP percentage of total XP
 D = Spawn monster count
 E = Non-spawn monster count
 F = Spawn count percentage of total count
 G = Total turns spent on level
                    A         B        C        D         E        F      G
               +---------+---------+-------+---------+---------+-------+---------
         Total |       0 |    2009 |   0.0 |       0 |      66 |   0.0 |  1509
               +---------+---------+-------+---------+---------+-------+---------
           D:1 |       0 |      24 |   0.0 |       0 |      15 |   0.0 |   202
           D:2 |       0 |      18 |   0.0 |       0 |       3 |   0.0 |    96
           D:3 |       0 |      53 |   0.0 |       0 |       7 |   0.0 |   106
           D:4 |       0 |     211 |   0.0 |       0 |       4 |   0.0 |   261
           D:5 |       0 |      89 |   0.0 |       0 |       3 |   0.0 |   167
           D:6 |       0 |     227 |   0.0 |       0 |       8 |   0.0 |   395
           D:7 |       0 |    1242 |   0.0 |       0 |      16 |   0.0 |   158
         Sewer |       0 |     145 |   0.0 |       0 |      10 |   0.0 |   124
               +---------+---------+-------+---------+---------+-------+---------

Vault maps used:
D:1:      dpeg_arrival_subterranean_lakeside_camping, minmay_misc_feat_five
D:2:      tgw_fedhas
D:3:      tso_altar, xom_teletrap_fun
D:4:      kennysheep_mini, temple_pool_b, serial_shops, shop,
          uniq_blork_the_orc, uniq_natasha, uniq_menkaure, uniq_ijyb,
          uniq_grinder, uniq_duvessa
D:5:      okawaru_altar_gauntlet_db, basic_altar, first_ration
D:6:      gup_sewer_entry_bowl, hangedman_decor_lopped
D:7:      cheibrodos_two_vegetables, the_bakery, led_sif_book
Sewer:    sewer_kobolds

Table legend:
 A = Turns spent in this place as a percentage of turns spent in the entire game.
 B = Non-inter-level travel turns spent in this place as a percentage of non-inter-level travel turns spent in the entire game.
 C = Inter-level travel turns spent in this place as a percentage of turns spent in this place.
 D = Turns resting spent in this place as a percentage of non-inter-level travel turns spent in this place.
 E = Turns spent auto-exploring this place as a percentage of non-inter-level travel turns spent in this place.
 F = Non-inter-level travel turns spent in this place divided by the number of levels of this place that you've seen.
                   A       B       C       D       E      F
               +-------+-------+-------+-------+-------+----------------------
         Total | 100.0 | 100.0 |   1.6 |  22.0 |  37.7 | 185.6
       Dungeon |  91.8 |  91.6 |   1.7 |  24.0 |  41.1 | 194.4
         Sewer |   8.2 |   8.4 |   0.0 |   0.0 |   0.0 | 124.0
               +-------+-------+-------+-------+-------+----------------------

Table legend:
 A = Kills in this place as a percentage of kills in entire the game.
 B = Kills by you in this place as a percentage of kills by you in the entire game.
 C = Kills by friends in this place as a percentage of kills by friends in the entire game.
 D = Other kills in this place as a percentage of other kills in the entire game.
 E = Experience gained in this place as a percentage of experience gained in the entire game.
 F = Experience gained in this place divided by the number of levels of this place that you have seen.
                   A       B       C       D       E      F
               +-------+-------+-------+-------+-------+----------------------
         Total | 100.0 | 100.0 |   N/A |   N/A | 100.0 | 251.1
       Dungeon |  84.8 |  84.8 |   N/A |   N/A |  92.8 | 266.3
         Sewer |  15.2 |  15.2 |   N/A |   N/A |   7.2 | 145.0
               +-------+-------+-------+-------+-------+----------------------
